%YAML 1.1
%TAG !u! tag:unity3d.com,2011:
--- !u!1 &504427303751971078
GameObject:
  m_ObjectHideFlags: 0
  m_CorrespondingSourceObject: {fileID: 0}
  m_PrefabInstance: {fileID: 0}
  m_PrefabAsset: {fileID: 0}
  serializedVersion: 6
  m_Component:
  - component: {fileID: 2462696619752531720}
  - component: {fileID: 2184164992118151282}
  m_Layer: 0
  m_Name: ConusBrake
  m_TagString: Untagged
  m_Icon: {fileID: 0}
  m_NavMeshLayer: 0
  m_StaticEditorFlags: 0
  m_IsActive: 1
--- !u!4 &2462696619752531720
Transform:
  m_ObjectHideFlags: 0
  m_CorrespondingSourceObject: {fileID: 0}
  m_PrefabInstance: {fileID: 0}
  m_PrefabAsset: {fileID: 0}
  m_GameObject: {fileID: 504427303751971078}
  m_LocalRotation: {x: -0, y: 0.3571608, z: -0, w: 0.934043}
  m_LocalPosition: {x: 1.05, y: 1.011, z: 1.61}
  m_LocalScale: {x: 0.36735117, y: 0.36735117, z: 0.36735117}
  m_Children: []
  m_Father: {fileID: 4374117317843896221}
  m_RootOrder: 1
  m_LocalEulerAnglesHint: {x: 0, y: 41.852, z: 0}
--- !u!212 &2184164992118151282
SpriteRenderer:
  m_ObjectHideFlags: 0
  m_CorrespondingSourceObject: {fileID: 0}
  m_PrefabInstance: {fileID: 0}
  m_PrefabAsset: {fileID: 0}
  m_GameObject: {fileID: 504427303751971078}
  m_Enabled: 1
  m_CastShadows: 0
  m_ReceiveShadows: 0
  m_DynamicOccludee: 1
  m_MotionVectors: 1
  m_LightProbeUsage: 1
  m_ReflectionProbeUsage: 1
  m_RenderingLayerMask: 1
  m_RendererPriority: 0
  m_Materials:
  - {fileID: 10754, guid: 0000000000000000f000000000000000, type: 0}
  m_StaticBatchInfo:
    firstSubMesh: 0
    subMeshCount: 0
  m_StaticBatchRoot: {fileID: 0}
  m_ProbeAnchor: {fileID: 0}
  m_LightProbeVolumeOverride: {fileID: 0}
  m_ScaleInLightmap: 1
  m_ReceiveGI: 1
  m_PreserveUVs: 0
  m_IgnoreNormalsForChartDetection: 0
  m_ImportantGI: 0
  m_StitchLightmapSeams: 0
  m_SelectedEditorRenderState: 0
  m_MinimumChartSize: 4
  m_AutoUVMaxDistance: 0.5
  m_AutoUVMaxAngle: 89
  m_LightmapParameters: {fileID: 0}
  m_SortingLayerID: 0
  m_SortingLayer: 0
  m_SortingOrder: 0
  m_Sprite: {fileID: 21300000, guid: 047e005dfa987864d9eadc11566ea9db, type: 3}
  m_Color: {r: 1, g: 1, b: 1, a: 0}
  m_FlipX: 0
  m_FlipY: 0
  m_DrawMode: 0
  m_Size: {x: 1.76, y: 2.53}
  m_AdaptiveModeThreshold: 0.5
  m_SpriteTileMode: 0
  m_WasSpriteAssigned: 1
  m_MaskInteraction: 0
  m_SpriteSortPoint: 0
--- !u!1 &4370496921060291019
GameObject:
  m_ObjectHideFlags: 0
  m_CorrespondingSourceObject: {fileID: 0}
  m_PrefabInstance: {fileID: 0}
  m_PrefabAsset: {fileID: 0}
  serializedVersion: 6
  m_Component:
  - component: {fileID: 4374117317843896221}
  - component: {fileID: 4465187966238328163}
  - component: {fileID: 4369595435274748729}
  - component: {fileID: 4661163691990978617}
  - component: {fileID: 4057456765751884814}
  m_Layer: 0
  m_Name: 9
  m_TagString: Untagged
  m_Icon: {fileID: 0}
  m_NavMeshLayer: 0
  m_StaticEditorFlags: 0
  m_IsActive: 1
--- !u!4 &4374117317843896221
Transform:
  m_ObjectHideFlags: 0
  m_CorrespondingSourceObject: {fileID: 0}
  m_PrefabInstance: {fileID: 0}
  m_PrefabAsset: {fileID: 0}
  m_GameObject: {fileID: 4370496921060291019}
  m_LocalRotation: {x: 0, y: 0.9170775, z: 0, w: 0.39870912}
  m_LocalPosition: {x: -6.08, y: -1.6699998, z: 12.55}
  m_LocalScale: {x: 1, y: 1, z: 1}
  m_Children:
  - {fileID: 2286919122961949720}
  - {fileID: 2462696619752531720}
  - {fileID: 2353722638315940425}
  - {fileID: 6445477850883696605}
  - {fileID: 1952328089908192870}
  - {fileID: 4884362292416434318}
  - {fileID: 518213681977911197}
  - {fileID: 2420823714425126126}
  m_Father: {fileID: 0}
  m_RootOrder: 0
  m_LocalEulerAnglesHint: {x: 0, y: 133.005, z: 0}
--- !u!95 &4465187966238328163
Animator:
  serializedVersion: 3
  m_ObjectHideFlags: 0
  m_CorrespondingSourceObject: {fileID: 0}
  m_PrefabInstance: {fileID: 0}
  m_PrefabAsset: {fileID: 0}
  m_GameObject: {fileID: 4370496921060291019}
  m_Enabled: 1
  m_Avatar: {fileID: 9000000, guid: 80284d47f5860274aa0dff0f49e7cdb1, type: 3}
  m_Controller: {fileID: 0}
  m_CullingMode: 1
  m_UpdateMode: 0
  m_ApplyRootMotion: 0
  m_LinearVelocityBlending: 0
  m_WarningMessage: 
  m_HasTransformHierarchy: 1
  m_AllowConstantClipSamplingOptimization: 1
  m_KeepAnimatorControllerStateOnDisable: 0
--- !u!114 &4369595435274748729
MonoBehaviour:
  m_ObjectHideFlags: 0
  m_CorrespondingSourceObject: {fileID: 0}
  m_PrefabInstance: {fileID: 0}
  m_PrefabAsset: {fileID: 0}
  m_GameObject: {fileID: 4370496921060291019}
  m_Enabled: 1
  m_EditorHideFlags: 0
  m_Script: {fileID: 11500000, guid: f31adbb864aac2c4fae47931cbd4a146, type: 3}
  m_Name: 
  m_EditorClassIdentifier: 
  CurrenMaterial: {fileID: 0}
  PaintingDetails:
  - {fileID: 6887832231139874154}
  - {fileID: 6877006931263245591}
  - {fileID: 8307181305377010341}
  - {fileID: 5453030057006940401}
  - {fileID: 954583000511957609}
  - {fileID: 2638170458618197251}
  FullCar: {fileID: 1712255780439215869}
  NumberCar: 8
  Wells:
  - {fileID: 1110604134748828239}
  - {fileID: 1848231053561295480}
  - {fileID: 846250201333337757}
  - {fileID: 2923309758536342393}
  AllIcon:
  - {fileID: 768054347608467851}
  - {fileID: 2184164992118151282}
  - {fileID: 5952005802493364032}
  - {fileID: 7736593556682789280}
  - {fileID: 829795576795434975}
  - {fileID: 2581422413933832405}
  - {fileID: 8902035153517026622}
  NumberWell: 2
  NumberBak: 1
  NumberEngine: 1
  SequenceMechanics: 01000000
  NewCar: 0
--- !u!114 &4661163691990978617
MonoBehaviour:
  m_ObjectHideFlags: 0
  m_CorrespondingSourceObject: {fileID: 0}
  m_PrefabInstance: {fileID: 0}
  m_PrefabAsset: {fileID: 0}
  m_GameObject: {fileID: 4370496921060291019}
  m_Enabled: 1
  m_EditorHideFlags: 0
  m_Script: {fileID: 11500000, guid: e02c8c9313051b84499041905bb529a2, type: 3}
  m_Name: 
  m_EditorClassIdentifier: 
  WindowMesh: {fileID: 4744947124189414094}
  Texture: {fileID: 2800000, guid: 0e6c13693faf39a438b1f0342fc28530, type: 3}
  Mask: {fileID: 2800000, guid: ff870488b7188a643b0c1589364d091a, type: 3}
--- !u!114 &4057456765751884814
MonoBehaviour:
  m_ObjectHideFlags: 0
  m_CorrespondingSourceObject: {fileID: 0}
  m_PrefabInstance: {fileID: 0}
  m_PrefabAsset: {fileID: 0}
  m_GameObject: {fileID: 4370496921060291019}
  m_Enabled: 1
  m_EditorHideFlags: 0
  m_Script: {fileID: 11500000, guid: 7fa4073fba7ed884a8c4df13664e6e9d, type: 3}
  m_Name: 
  m_EditorClassIdentifier: 
  DoorPainting: {fileID: 8307181305377010341}
  CurrentTexture: {fileID: 2800000, guid: 6dfb99aed0ffafc489bd78498cde12ab, type: 3}
  NextTexture: {fileID: 2800000, guid: 03eb0cf5eaa2d404ea4115904d322511, type: 3}
  Mask: {fileID: 2800000, guid: 6a9e85339121bab4382c85678ad8ac51, type: 3}
--- !u!1 &4422500463554750035
GameObject:
  m_ObjectHideFlags: 0
  m_CorrespondingSourceObject: {fileID: 0}
  m_PrefabInstance: {fileID: 0}
  m_PrefabAsset: {fileID: 0}
  serializedVersion: 6
  m_Component:
  - component: {fileID: 4884362292416434318}
  - component: {fileID: 2581422413933832405}
  m_Layer: 0
  m_Name: Conus_Door
  m_TagString: Untagged
  m_Icon: {fileID: 0}
  m_NavMeshLayer: 0
  m_StaticEditorFlags: 0
  m_IsActive: 1
--- !u!4 &4884362292416434318
Transform:
  m_ObjectHideFlags: 0
  m_CorrespondingSourceObject: {fileID: 0}
  m_PrefabInstance: {fileID: 0}
  m_PrefabAsset: {fileID: 0}
  m_GameObject: {fileID: 4422500463554750035}
  m_LocalRotation: {x: -0, y: 0.3571608, z: -0, w: 0.934043}
  m_LocalPosition: {x: 0.115, y: 1.785, z: -0.014}
  m_LocalScale: {x: 0.28958184, y: 0.28958184, z: 0.28958184}
  m_Children: []
  m_Father: {fileID: 4374117317843896221}
  m_RootOrder: 5
  m_LocalEulerAnglesHint: {x: 0, y: 41.852, z: 0}
--- !u!212 &2581422413933832405
SpriteRenderer:
  m_ObjectHideFlags: 0
  m_CorrespondingSourceObject: {fileID: 0}
  m_PrefabInstance: {fileID: 0}
  m_PrefabAsset: {fileID: 0}
  m_GameObject: {fileID: 4422500463554750035}
  m_Enabled: 1
  m_CastShadows: 0
  m_ReceiveShadows: 0
  m_DynamicOccludee: 1
  m_MotionVectors: 1
  m_LightProbeUsage: 1
  m_ReflectionProbeUsage: 1
  m_RenderingLayerMask: 1
  m_RendererPriority: 0
  m_Materials:
  - {fileID: 10754, guid: 0000000000000000f000000000000000, type: 0}
  m_StaticBatchInfo:
    firstSubMesh: 0
    subMeshCount: 0
  m_StaticBatchRoot: {fileID: 0}
  m_ProbeAnchor: {fileID: 0}
  m_LightProbeVolumeOverride: {fileID: 0}
  m_ScaleInLightmap: 1
  m_ReceiveGI: 1
  m_PreserveUVs: 0
  m_IgnoreNormalsForChartDetection: 0
  m_ImportantGI: 0
  m_StitchLightmapSeams: 0
  m_SelectedEditorRenderState: 0
  m_MinimumChartSize: 4
  m_AutoUVMaxDistance: 0.5
  m_AutoUVMaxAngle: 89
  m_LightmapParameters: {fileID: 0}
  m_SortingLayerID: 0
  m_SortingLayer: 0
  m_SortingOrder: 0
  m_Sprite: {fileID: 21300000, guid: 723f9ef55af9e4d4e870d389f66599f1, type: 3}
  m_Color: {r: 1, g: 1, b: 1, a: 0}
  m_FlipX: 0
  m_FlipY: 0
  m_DrawMode: 0
  m_Size: {x: 1.76, y: 2.53}
  m_AdaptiveModeThreshold: 0.5
  m_SpriteTileMode: 0
  m_WasSpriteAssigned: 1
  m_MaskInteraction: 0
  m_SpriteSortPoint: 0
--- !u!1 &4851222371094880608
GameObject:
  m_ObjectHideFlags: 0
  m_CorrespondingSourceObject: {fileID: 0}
  m_PrefabInstance: {fileID: 0}
  m_PrefabAsset: {fileID: 0}
  serializedVersion: 6
  m_Component:
  - component: {fileID: 518213681977911197}
  - component: {fileID: 8902035153517026622}
  m_Layer: 0
  m_Name: Conus_Glass
  m_TagString: Untagged
  m_Icon: {fileID: 0}
  m_NavMeshLayer: 0
  m_StaticEditorFlags: 0
  m_IsActive: 1
--- !u!4 &518213681977911197
Transform:
  m_ObjectHideFlags: 0
  m_CorrespondingSourceObject: {fileID: 0}
  m_PrefabInstance: {fileID: 0}
  m_PrefabAsset: {fileID: 0}
  m_GameObject: {fileID: 4851222371094880608}
  m_LocalRotation: {x: -0, y: 0.3571608, z: -0, w: 0.934043}
  m_LocalPosition: {x: 0.032, y: 1.565, z: 0.675}
  m_LocalScale: {x: 0.28958184, y: 0.28958184, z: 0.28958184}
  m_Children: []
  m_Father: {fileID: 4374117317843896221}
  m_RootOrder: 6
  m_LocalEulerAnglesHint: {x: 0, y: 41.852, z: 0}
--- !u!212 &8902035153517026622
SpriteRenderer:
  m_ObjectHideFlags: 0
  m_CorrespondingSourceObject: {fileID: 0}
  m_PrefabInstance: {fileID: 0}
  m_PrefabAsset: {fileID: 0}
  m_GameObject: {fileID: 4851222371094880608}
  m_Enabled: 1
  m_CastShadows: 0
  m_ReceiveShadows: 0
  m_DynamicOccludee: 1
  m_MotionVectors: 1
  m_LightProbeUsage: 1
  m_ReflectionProbeUsage: 1
  m_RenderingLayerMask: 1
  m_RendererPriority: 0
  m_Materials:
  - {fileID: 10754, guid: 0000000000000000f000000000000000, type: 0}
  m_StaticBatchInfo:
    firstSubMesh: 0
    subMeshCount: 0
  m_StaticBatchRoot: {fileID: 0}
  m_ProbeAnchor: {fileID: 0}
  m_LightProbeVolumeOverride: {fileID: 0}
  m_ScaleInLightmap: 1
  m_ReceiveGI: 1
  m_PreserveUVs: 0
  m_IgnoreNormalsForChartDetection: 0
  m_ImportantGI: 0
  m_StitchLightmapSeams: 0
  m_SelectedEditorRenderState: 0
  m_MinimumChartSize: 4
  m_AutoUVMaxDistance: 0.5
  m_AutoUVMaxAngle: 89
  m_LightmapParameters: {fileID: 0}
  m_SortingLayerID: 0
  m_SortingLayer: 0
  m_SortingOrder: 0
  m_Sprite: {fileID: 21300000, guid: fbcd79b793282c84e88c872afc4389d1, type: 3}
  m_Color: {r: 1, g: 1, b: 1, a: 0}
  m_FlipX: 0
  m_FlipY: 0
  m_DrawMode: 0
  m_Size: {x: 1.76, y: 2.53}
  m_AdaptiveModeThreshold: 0.5
  m_SpriteTileMode: 0
  m_WasSpriteAssigned: 1
  m_MaskInteraction: 0
  m_SpriteSortPoint: 0
--- !u!1 &7804883524756187085
GameObject:
  m_ObjectHideFlags: 0
  m_CorrespondingSourceObject: {fileID: 0}
  m_PrefabInstance: {fileID: 0}
  m_PrefabAsset: {fileID: 0}
  serializedVersion: 6
  m_Component:
  - component: {fileID: 2286919122961949720}
  - component: {fileID: 768054347608467851}
  m_Layer: 0
  m_Name: Conus
  m_TagString: Untagged
  m_Icon: {fileID: 0}
  m_NavMeshLayer: 0
  m_StaticEditorFlags: 0
  m_IsActive: 1
--- !u!4 &2286919122961949720
Transform:
  m_ObjectHideFlags: 0
  m_CorrespondingSourceObject: {fileID: 0}
  m_PrefabInstance: {fileID: 0}
  m_PrefabAsset: {fileID: 0}
  m_GameObject: {fileID: 7804883524756187085}
  m_LocalRotation: {x: -0, y: 0.3571608, z: -0, w: 0.934043}
  m_LocalPosition: {x: 1.05, y: 1.011, z: 1.61}
  m_LocalScale: {x: 0.36735117, y: 0.36735117, z: 0.36735117}
  m_Children: []
  m_Father: {fileID: 4374117317843896221}
  m_RootOrder: 0
  m_LocalEulerAnglesHint: {x: 0, y: 41.852, z: 0}
--- !u!212 &768054347608467851
SpriteRenderer:
  m_ObjectHideFlags: 0
  m_CorrespondingSourceObject: {fileID: 0}
  m_PrefabInstance: {fileID: 0}
  m_PrefabAsset: {fileID: 0}
  m_GameObject: {fileID: 7804883524756187085}
  m_Enabled: 1
  m_CastShadows: 0
  m_ReceiveShadows: 0
  m_DynamicOccludee: 1
  m_MotionVectors: 1
  m_LightProbeUsage: 1
  m_ReflectionProbeUsage: 1
  m_RenderingLayerMask: 1
  m_RendererPriority: 0
  m_Materials:
  - {fileID: 10754, guid: 0000000000000000f000000000000000, type: 0}
  m_StaticBatchInfo:
    firstSubMesh: 0
    subMeshCount: 0
  m_StaticBatchRoot: {fileID: 0}
  m_ProbeAnchor: {fileID: 0}
  m_LightProbeVolumeOverride: {fileID: 0}
  m_ScaleInLightmap: 1
  m_ReceiveGI: 1
  m_PreserveUVs: 0
  m_IgnoreNormalsForChartDetection: 0
  m_ImportantGI: 0
  m_StitchLightmapSeams: 0
  m_SelectedEditorRenderState: 0
  m_MinimumChartSize: 4
  m_AutoUVMaxDistance: 0.5
  m_AutoUVMaxAngle: 89
  m_LightmapParameters: {fileID: 0}
  m_SortingLayerID: 0
  m_SortingLayer: 0
  m_SortingOrder: 0
  m_Sprite: {fileID: 21300000, guid: 1fc95dd967105f94c83efc88d51c60dc, type: 3}
  m_Color: {r: 1, g: 1, b: 1, a: 0}
  m_FlipX: 0
  m_FlipY: 0
  m_DrawMode: 0
  m_Size: {x: 1.76, y: 2.53}
  m_AdaptiveModeThreshold: 0.5
  m_SpriteTileMode: 0
  m_WasSpriteAssigned: 1
  m_MaskInteraction: 0
  m_SpriteSortPoint: 0
--- !u!1 &7925331329443027782
GameObject:
  m_ObjectHideFlags: 0
  m_CorrespondingSourceObject: {fileID: 0}
  m_PrefabInstance: {fileID: 0}
  m_PrefabAsset: {fileID: 0}
  serializedVersion: 6
  m_Component:
  - component: {fileID: 2353722638315940425}
  - component: {fileID: 5952005802493364032}
  m_Layer: 0
  m_Name: Conus
  m_TagString: Untagged
  m_Icon: {fileID: 0}
  m_NavMeshLayer: 0
  m_StaticEditorFlags: 0
  m_IsActive: 1
--- !u!4 &2353722638315940425
Transform:
  m_ObjectHideFlags: 0
  m_CorrespondingSourceObject: {fileID: 0}
  m_PrefabInstance: {fileID: 0}
  m_PrefabAsset: {fileID: 0}
  m_GameObject: {fileID: 7925331329443027782}
  m_LocalRotation: {x: -0, y: 0.3571608, z: -0, w: 0.934043}
  m_LocalPosition: {x: 1.1, y: 1.384, z: -0.82}
  m_LocalScale: {x: 0.31137833, y: 0.31137833, z: 0.31137833}
  m_Children: []
  m_Father: {fileID: 4374117317843896221}
  m_RootOrder: 2
  m_LocalEulerAnglesHint: {x: 0, y: 41.852, z: 0}
--- !u!212 &5952005802493364032
SpriteRenderer:
  m_ObjectHideFlags: 0
  m_CorrespondingSourceObject: {fileID: 0}
  m_PrefabInstance: {fileID: 0}
  m_PrefabAsset: {fileID: 0}
  m_GameObject: {fileID: 7925331329443027782}
  m_Enabled: 1
  m_CastShadows: 0
  m_ReceiveShadows: 0
  m_DynamicOccludee: 1
  m_MotionVectors: 1
  m_LightProbeUsage: 1
  m_ReflectionProbeUsage: 1
  m_RenderingLayerMask: 1
  m_RendererPriority: 0
  m_Materials:
  - {fileID: 10754, guid: 0000000000000000f000000000000000, type: 0}
  m_StaticBatchInfo:
    firstSubMesh: 0
    subMeshCount: 0
  m_StaticBatchRoot: {fileID: 0}
  m_ProbeAnchor: {fileID: 0}
  m_LightProbeVolumeOverride: {fileID: 0}
  m_ScaleInLightmap: 1
  m_ReceiveGI: 1
  m_PreserveUVs: 0
  m_IgnoreNormalsForChartDetection: 0
  m_ImportantGI: 0
  m_StitchLightmapSeams: 0
  m_SelectedEditorRenderState: 0
  m_MinimumChartSize: 4
  m_AutoUVMaxDistance: 0.5
  m_AutoUVMaxAngle: 89
  m_LightmapParameters: {fileID: 0}
  m_SortingLayerID: 0
  m_SortingLayer: 0
  m_SortingOrder: 0
  m_Sprite: {fileID: 21300000, guid: a7bb4326332262c488cc4cc8e4e3c658, type: 3}
  m_Color: {r: 1, g: 1, b: 1, a: 0}
  m_FlipX: 0
  m_FlipY: 0
  m_DrawMode: 0
  m_Size: {x: 1.76, y: 2.53}
  m_AdaptiveModeThreshold: 0.5
  m_SpriteTileMode: 0
  m_WasSpriteAssigned: 1
  m_MaskInteraction: 0
  m_SpriteSortPoint: 0
--- !u!1 &8549527450648471252
GameObject:
  m_ObjectHideFlags: 0
  m_CorrespondingSourceObject: {fileID: 0}
  m_PrefabInstance: {fileID: 0}
  m_PrefabAsset: {fileID: 0}
  serializedVersion: 6
  m_Component:
  - component: {fileID: 6445477850883696605}
  - component: {fileID: 7736593556682789280}
  m_Layer: 0
  m_Name: Conus
  m_TagString: Untagged
  m_Icon: {fileID: 0}
  m_NavMeshLayer: 0
  m_StaticEditorFlags: 0
  m_IsActive: 1
--- !u!4 &6445477850883696605
Transform:
  m_ObjectHideFlags: 0
  m_CorrespondingSourceObject: {fileID: 0}
  m_PrefabInstance: {fileID: 0}
  m_PrefabAsset: {fileID: 0}
  m_GameObject: {fileID: 8549527450648471252}
  m_LocalRotation: {x: -0, y: 0.3571608, z: -0, w: 0.934043}
  m_LocalPosition: {x: -0.04, y: 1.278, z: 2.06}
  m_LocalScale: {x: 0.28958184, y: 0.28958184, z: 0.28958184}
  m_Children: []
  m_Father: {fileID: 4374117317843896221}
  m_RootOrder: 3
  m_LocalEulerAnglesHint: {x: 0, y: 41.852, z: 0}
--- !u!212 &7736593556682789280
SpriteRenderer:
  m_ObjectHideFlags: 0
  m_CorrespondingSourceObject: {fileID: 0}
  m_PrefabInstance: {fileID: 0}
  m_PrefabAsset: {fileID: 0}
  m_GameObject: {fileID: 8549527450648471252}
  m_Enabled: 1
  m_CastShadows: 0
  m_ReceiveShadows: 0
  m_DynamicOccludee: 1
  m_MotionVectors: 1
  m_LightProbeUsage: 1
  m_ReflectionProbeUsage: 1
  m_RenderingLayerMask: 1
  m_RendererPriority: 0
  m_Materials:
  - {fileID: 10754, guid: 0000000000000000f000000000000000, type: 0}
  m_StaticBatchInfo:
    firstSubMesh: 0
    subMeshCount: 0
  m_StaticBatchRoot: {fileID: 0}
  m_ProbeAnchor: {fileID: 0}
  m_LightProbeVolumeOverride: {fileID: 0}
  m_ScaleInLightmap: 1
  m_ReceiveGI: 1
  m_PreserveUVs: 0
  m_IgnoreNormalsForChartDetection: 0
  m_ImportantGI: 0
  m_StitchLightmapSeams: 0
  m_SelectedEditorRenderState: 0
  m_MinimumChartSize: 4
  m_AutoUVMaxDistance: 0.5
  m_AutoUVMaxAngle: 89
  m_LightmapParameters: {fileID: 0}
  m_SortingLayerID: 0
  m_SortingLayer: 0
  m_SortingOrder: 0
  m_Sprite: {fileID: 21300000, guid: abf22bad6ce53ba48b097f5d0c9824d1, type: 3}
  m_Color: {r: 1, g: 1, b: 1, a: 0}
  m_FlipX: 0
  m_FlipY: 0
  m_DrawMode: 0
  m_Size: {x: 1.76, y: 2.53}
  m_AdaptiveModeThreshold: 0.5
  m_SpriteTileMode: 0
  m_WasSpriteAssigned: 1
  m_MaskInteraction: 0
  m_SpriteSortPoint: 0
--- !u!1 &9054385571266874796
GameObject:
  m_ObjectHideFlags: 0
  m_CorrespondingSourceObject: {fileID: 0}
  m_PrefabInstance: {fileID: 0}
  m_PrefabAsset: {fileID: 0}
  serializedVersion: 6
  m_Component:
  - component: {fileID: 1952328089908192870}
  - component: {fileID: 829795576795434975}
  m_Layer: 0
  m_Name: Conus_akkym
  m_TagString: Untagged
  m_Icon: {fileID: 0}
  m_NavMeshLayer: 0
  m_StaticEditorFlags: 0
  m_IsActive: 1
--- !u!4 &1952328089908192870
Transform:
  m_ObjectHideFlags: 0
  m_CorrespondingSourceObject: {fileID: 0}
  m_PrefabInstance: {fileID: 0}
  m_PrefabAsset: {fileID: 0}
  m_GameObject: {fileID: 9054385571266874796}
  m_LocalRotation: {x: -0, y: 0.3571608, z: -0, w: 0.934043}
  m_LocalPosition: {x: 0.343, y: 1.278, z: 1.7}
  m_LocalScale: {x: 0.28958184, y: 0.28958184, z: 0.28958184}
  m_Children: []
  m_Father: {fileID: 4374117317843896221}
  m_RootOrder: 4
  m_LocalEulerAnglesHint: {x: 0, y: 41.852, z: 0}
--- !u!212 &829795576795434975
SpriteRenderer:
  m_ObjectHideFlags: 0
  m_CorrespondingSourceObject: {fileID: 0}
  m_PrefabInstance: {fileID: 0}
  m_PrefabAsset: {fileID: 0}
  m_GameObject: {fileID: 9054385571266874796}
  m_Enabled: 1
  m_CastShadows: 0
  m_ReceiveShadows: 0
  m_DynamicOccludee: 1
  m_MotionVectors: 1
  m_LightProbeUsage: 1
  m_ReflectionProbeUsage: 1
  m_RenderingLayerMask: 1
  m_RendererPriority: 0
  m_Materials:
  - {fileID: 10754, guid: 0000000000000000f000000000000000, type: 0}
  m_StaticBatchInfo:
    firstSubMesh: 0
    subMeshCount: 0
  m_StaticBatchRoot: {fileID: 0}
  m_ProbeAnchor: {fileID: 0}
  m_LightProbeVolumeOverride: {fileID: 0}
  m_ScaleInLightmap: 1
  m_ReceiveGI: 1
  m_PreserveUVs: 0
  m_IgnoreNormalsForChartDetection: 0
  m_ImportantGI: 0
  m_StitchLightmapSeams: 0
  m_SelectedEditorRenderState: 0
  m_MinimumChartSize: 4
  m_AutoUVMaxDistance: 0.5
  m_AutoUVMaxAngle: 89
  m_LightmapParameters: {fileID: 0}
  m_SortingLayerID: 0
  m_SortingLayer: 0
  m_SortingOrder: 0
  m_Sprite: {fileID: 21300000, guid: 45531bb3776c57f40a2dc88d6270c384, type: 3}
  m_Color: {r: 1, g: 1, b: 1, a: 0}
  m_FlipX: 0
  m_FlipY: 0
  m_DrawMode: 0
  m_Size: {x: 1.76, y: 2.53}
  m_AdaptiveModeThreshold: 0.5
  m_SpriteTileMode: 0
  m_WasSpriteAssigned: 1
  m_MaskInteraction: 0
  m_SpriteSortPoint: 0
--- !u!1001 &7269595507473717236
PrefabInstance:
  m_ObjectHideFlags: 0
  serializedVersion: 2
  m_Modification:
    m_TransformParent: {fileID: 4374117317843896221}
    m_Modifications:
    - target: {fileID: -6540428579284626118, guid: cf1601f7098325d4796d27212018d92b,
        type: 3}
      propertyPath: m_Materials.Array.data[0]
      value: 
      objectReference: {fileID: 2100000, guid: 08b072ce5e39f7643810b9984fd601f3, type: 2}
    - target: {fileID: -4216859302048453862, guid: cf1601f7098325d4796d27212018d92b,
        type: 3}
      propertyPath: m_LocalPosition.x
      value: -0
      objectReference: {fileID: 0}
    - target: {fileID: -4216859302048453862, guid: cf1601f7098325d4796d27212018d92b,
        type: 3}
      propertyPath: m_LocalPosition.y
      value: 0.02
      objectReference: {fileID: 0}
    - target: {fileID: -4216859302048453862, guid: cf1601f7098325d4796d27212018d92b,
        type: 3}
      propertyPath: m_LocalPosition.z
      value: 0.065
      objectReference: {fileID: 0}
    - target: {fileID: -4216859302048453862, guid: cf1601f7098325d4796d27212018d92b,
        type: 3}
      propertyPath: m_LocalRotation.x
      value: 0
      objectReference: {fileID: 0}
    - target: {fileID: -4216859302048453862, guid: cf1601f7098325d4796d27212018d92b,
        type: 3}
      propertyPath: m_LocalRotation.y
      value: 0
      objectReference: {fileID: 0}
    - target: {fileID: -4216859302048453862, guid: cf1601f7098325d4796d27212018d92b,
        type: 3}
      propertyPath: m_LocalRotation.z
      value: 0
      objectReference: {fileID: 0}
    - target: {fileID: -4216859302048453862, guid: cf1601f7098325d4796d27212018d92b,
        type: 3}
      propertyPath: m_LocalRotation.w
      value: 1
      objectReference: {fileID: 0}
    - target: {fileID: -4216859302048453862, guid: cf1601f7098325d4796d27212018d92b,
        type: 3}
      propertyPath: m_RootOrder
      value: 7
      objectReference: {fileID: 0}
    - target: {fileID: -4216859302048453862, guid: cf1601f7098325d4796d27212018d92b,
        type: 3}
      propertyPath: m_LocalEulerAnglesHint.x
      value: 0
      objectReference: {fileID: 0}
    - target: {fileID: -4216859302048453862, guid: cf1601f7098325d4796d27212018d92b,
        type: 3}
      propertyPath: m_LocalEulerAnglesHint.y
      value: 0
      objectReference: {fileID: 0}
    - target: {fileID: -4216859302048453862, guid: cf1601f7098325d4796d27212018d92b,
        type: 3}
      propertyPath: m_LocalEulerAnglesHint.z
      value: 0
      objectReference: {fileID: 0}
    - target: {fileID: -4216859302048453862, guid: cf1601f7098325d4796d27212018d92b,
        type: 3}
      propertyPath: m_LocalScale.x
      value: 3.3973138
      objectReference: {fileID: 0}
    - target: {fileID: -4216859302048453862, guid: cf1601f7098325d4796d27212018d92b,
        type: 3}
      propertyPath: m_LocalScale.y
      value: 3.3973138
      objectReference: {fileID: 0}
    - target: {fileID: -4216859302048453862, guid: cf1601f7098325d4796d27212018d92b,
        type: 3}
      propertyPath: m_LocalScale.z
      value: 3.3973138
      objectReference: {fileID: 0}
    - target: {fileID: -927199367670048503, guid: cf1601f7098325d4796d27212018d92b,
        type: 3}
      propertyPath: m_Name
      value: Sedan5
      objectReference: {fileID: 0}
    - target: {fileID: 5823786888663853859, guid: cf1601f7098325d4796d27212018d92b,
        type: 3}
      propertyPath: m_Materials.Array.data[0]
      value: 
      objectReference: {fileID: 2100000, guid: 08b072ce5e39f7643810b9984fd601f3, type: 2}
    m_RemovedComponents: []
  m_SourcePrefab: {fileID: 100100000, guid: cf1601f7098325d4796d27212018d92b, type: 3}
--- !u!1 &1712255780439215869 stripped
GameObject:
  m_CorrespondingSourceObject: {fileID: -927199367670048503, guid: cf1601f7098325d4796d27212018d92b,
    type: 3}
  m_PrefabInstance: {fileID: 7269595507473717236}
  m_PrefabAsset: {fileID: 0}
--- !u!4 &2420823714425126126 stripped
Transform:
  m_CorrespondingSourceObject: {fileID: -4216859302048453862, guid: cf1601f7098325d4796d27212018d92b,
    type: 3}
  m_PrefabInstance: {fileID: 7269595507473717236}
  m_PrefabAsset: {fileID: 0}
--- !u!23 &954583000511957609 stripped
MeshRenderer:
  m_CorrespondingSourceObject: {fileID: -1594952978322989667, guid: cf1601f7098325d4796d27212018d92b,
    type: 3}
  m_PrefabInstance: {fileID: 7269595507473717236}
  m_PrefabAsset: {fileID: 0}
--- !u!23 &2638170458618197251 stripped
MeshRenderer:
  m_CorrespondingSourceObject: {fileID: 4647258058179928823, guid: cf1601f7098325d4796d27212018d92b,
    type: 3}
  m_PrefabInstance: {fileID: 7269595507473717236}
  m_PrefabAsset: {fileID: 0}
--- !u!1 &1110604134748828239 stripped
GameObject:
  m_CorrespondingSourceObject: {fileID: -1473976655487195717, guid: cf1601f7098325d4796d27212018d92b,
    type: 3}
  m_PrefabInstance: {fileID: 7269595507473717236}
  m_PrefabAsset: {fileID: 0}
--- !u!1 &1848231053561295480 stripped
GameObject:
  m_CorrespondingSourceObject: {fileID: 9026610861038560652, guid: cf1601f7098325d4796d27212018d92b,
    type: 3}
  m_PrefabInstance: {fileID: 7269595507473717236}
  m_PrefabAsset: {fileID: 0}
--- !u!1 &846250201333337757 stripped
GameObject:
  m_CorrespondingSourceObject: {fileID: -1198882696794957463, guid: cf1601f7098325d4796d27212018d92b,
    type: 3}
  m_PrefabInstance: {fileID: 7269595507473717236}
  m_PrefabAsset: {fileID: 0}
--- !u!1 &2923309758536342393 stripped
GameObject:
  m_CorrespondingSourceObject: {fileID: -3714515154516128627, guid: cf1601f7098325d4796d27212018d92b,
    type: 3}
  m_PrefabInstance: {fileID: 7269595507473717236}
  m_PrefabAsset: {fileID: 0}
--- !u!23 &6877006931263245591 stripped
MeshRenderer:
  m_CorrespondingSourceObject: {fileID: 4292708655048383203, guid: cf1601f7098325d4796d27212018d92b,
    type: 3}
  m_PrefabInstance: {fileID: 7269595507473717236}
  m_PrefabAsset: {fileID: 0}
--- !u!23 &8307181305377010341 stripped
MeshRenderer:
  m_CorrespondingSourceObject: {fileID: 1705672368245712209, guid: cf1601f7098325d4796d27212018d92b,
    type: 3}
  m_PrefabInstance: {fileID: 7269595507473717236}
  m_PrefabAsset: {fileID: 0}
--- !u!23 &6887832231139874154 stripped
MeshRenderer:
  m_CorrespondingSourceObject: {fileID: -4939124485939068258, guid: cf1601f7098325d4796d27212018d92b,
    type: 3}
  m_PrefabInstance: {fileID: 7269595507473717236}
  m_PrefabAsset: {fileID: 0}
--- !u!23 &5453030057006940401 stripped
MeshRenderer:
  m_CorrespondingSourceObject: {fileID: 3409162705633957637, guid: cf1601f7098325d4796d27212018d92b,
    type: 3}
  m_PrefabInstance: {fileID: 7269595507473717236}
  m_PrefabAsset: {fileID: 0}
--- !u!23 &4744947124189414094 stripped
MeshRenderer:
  m_CorrespondingSourceObject: {fileID: -6540428579284626118, guid: cf1601f7098325d4796d27212018d92b,
    type: 3}
  m_PrefabInstance: {fileID: 7269595507473717236}
  m_PrefabAsset: {fileID: 0}
